 Dungeon Crawl Stone Soup version 0.29.1-1-gd02db6906a (webtiles) character file.

Game seed: 10008018124371937468

1314 Icepheonix32 the Transmogrifier (level 8, -2/54 HPs)
             Began as a Merfolk Transmuter on Oct 5, 2022.
             Slain by a wyvern (14 damage)
             ... on level 6 of the Dungeon.
             The game lasted 00:10:10 (4066 turns).

Icepheonix32 the Transmogrifier (MfTm)              Turns: 4066, Time: 00:10:11

Health: -2/54      AC:  2    Str: 10    XL:     8   Next: 58%
Magic:  13/16      EV: 21    Int: 14    God:
Gold:   298        SH:  0    Dex: 20    Spells: 7/18 levels left

rFire   . . .      SeeInvis .     - Unarmed
rCold   . . .      Faith    .   (shield currently unavailable)
rNeg    . . .      Spirit   .   (body armour currently unavailable)
rPois   x          Reflect  .   (helmet currently unavailable)
rElec   .          Harm     .   (cloak currently unavailable)
rCorr   .          Rampage  .   (gloves currently unavailable)
Will    .....                   (boots currently unavailable)
Stlth   ++........              f - amulet of regeneration
HPRegen 0.98/turn               (no ring)
MPRegen 0.15/turn               (no ring)

@: spider-form (expiring), wereblooded
A: venomous fangs, tiny, (nimble swimmer 2), (mertail)
a: End Transformation


You were on level 6 of the Dungeon.
You were a venomous arachnid creature.
You visited 2 branches of the dungeon, and saw 7 of its levels.

You collected 298 gold pieces.

Inventory:

Hand Weapons
 w - the +1 hand axe "Ocagisuh" (melded) {freeze, Fragile Will++ Str-3 Int+8}
   (You found it on level 5 of the Dungeon)

   It freezes those it strikes, dealing additional cold damage.
   It can also slow down cold-blooded creatures.
   Str:       It affects your strength (-3).
   Int:       It affects your intelligence (+8).
   Fragile:   It will be destroyed if unequipped.
   Will:      It greatly increases your willpower.
Missiles
 v - 3 silver boomerangs
 B - a throwing net
Armour
 a - a +1 robe (melded)
 m - a +0 cloak (melded)
 s - a +0 pair of boots (melded)
 u - a scarf of shadows
Magical Staves
 c - a staff of cold
Jewellery
 f - an amulet of regeneration (around neck)
Wands
 d - a wand of flame (24)
Scrolls
 g - 4 scrolls of fear
 h - 2 scrolls of teleportation
 r - 3 scrolls of enchant armour
 t - 2 scrolls of immolation
 x - 2 scrolls of noise
 y - a scroll of magic mapping
 A - a scroll of enchant weapon
Potions
 b - a potion of ambrosia
 j - a potion of brilliance
 k - 2 potions of flight {unknown}
 o - 2 potions of resistance
 q - 3 potions of invisibility {unknown}
 z - a potion of haste
 C - a potion of curing


   Skills:
 - Level 1.1 Fighting
 - Level 0.4 Axes
 - Level 3.2 Dodging
 - Level 4.1 Unarmed Combat
 + Level 5.5 Spellcasting
 * Level 9.0 Transmutations
 * Level 4.5 Poison Magic


You had 7 spell levels left.
You knew the following spells:

 Your Spells              Type           Power      Damage    Failure   Level
a - Beastly Appendage     Tmut           58%        N/A       3%          1
b - Wereblood             Tmut           29%        N/A       4%          2
c - Spider Form           Tmut/Pois      22%        N/A       11%         3
d - Alistair's Intoxicat  Tmut/Pois      14%        N/A       50%         5

Your spell library contained the following spells:

 Spells                   Type           Power      Damage    Failure   Level
 Poisonous Vapours        Pois/Air       20%        N/A       24%         2
 Apportation              Tloc           6%         N/A       36%         1
 Magic Dart               Conj           12%        1d3       36%         1
 Searing Ray              Conj           6%         2d4       47%         2
 Ice Form                 Ice/Tmut       16%        N/A       47%         4
 Corpse Rot               Necr/Pois/Air  8%         N/A       83%         4
 Fulminant Prism          Conj/Hex       1%         3d6       95%         4
 Freezing Cloud           Conj/Ice/Air   1%         6-21      100%        5
 Simulacrum               Ice/Necr       1%         N/A       100%        6
 Polar Vortex             Ice            1%         N/A       100%        9


Dungeon Overview and Level Annotations

Branches:
Dungeon (6/15)             Temple (1/1) D:5

Altars:
Ashenzari
Cheibriados
Dithmenos
Elyvilon
Fedhas
Gozag
Hepliaklqana
Kikubaaqudgha
Makhleb
Nemelex Xobeh
Okawaru
Qazlal
Ru
Uskayaw
Vehumet
Wu Jian
Xom
Yredelemnul
The Shining One

Shops:
D:1 (


Innate Abilities, Weirdness & Mutations

You are a venomous arachnid creature.
You have poisonous fangs.
You are tiny and dextrous.
Your spellcasting is less reliable in this form.
Your armour is entirely melded.
You are incapable of wielding weapons or throwing items.
((You are very nimble when in or above water. (Stealth+, EV+, Speed+++)))
((Your lower body shifts to a powerful aquatic tail in water.))


Message History

You hit the orc.
The orc is poisoned.
The orc is severely wounded.
The orc closely misses you. The orc hits you with a +0 whip.
You hit the orc.
You feel a bit better.
You kill the orc!
The wyvern misses you. The orc hits you with a +0 flail. The wyvern misses you.
You hit the wyvern but do no damage.
The wyvern is poisoned.
The orc misses you. The wyvern closely misses you.
You hit the wyvern.
The wyvern looks as sick as possible!
The wyvern is lightly wounded.
You hiss as the wereblood boils in your veins!
Your transformation is almost over.
The wyvern closely misses you. The orc closely misses you.
You bite the wyvern!
The wyvern looks as sick as possible!
The wyvern is moderately wounded.
The wyvern completely misses you. The orc barely misses you.
The wyvern completely misses you.
You hit the wyvern.
The wyvern looks as sick as possible!
The wyvern is heavily wounded.
The wyvern bites you! The orc misses you.
You hit the orc.
The orc is heavily wounded.
The wyvern bites you! The orc closely misses you. The wyvern bites you!
* * * LOW HITPOINT WARNING * * *
You hit the orc.
You feel a bit better.
You kill the orc!
The wyvern misses you.
Unknown command.
You are too injured to fight recklessly!
You barely miss the wyvern.
The wyvern is severely wounded.
The wyvern barely misses you.
You hit the wyvern.
The wyvern is almost dead.
You hiss as the wereblood boils in your veins!
The wyvern closely misses you. x2
You barely miss the wyvern.
The wyvern is almost dead.
The wyvern bites you!
You die...

.# ..# #..# #
##...#
..#########....#
..............#
........)....#
...?$.).)s..#
..#####.l...##
####...# ###.##
##.## ##.##
##.### ##..###
##...##


You could see a wyvern (extremely poisoned).

Vanquished Creatures
  Grinder (D:6)
  2 ice beasts
  An ogre (D:5)
  2 scorpions (D:5)
  A necrophage (D:6)
  A bullfrog (D:6)
  A howler monkey (D:4)
  A hound (D:5)
  Crazy Yiuf (D:2)
  2 jellies
  An orc priest (D:4)
  3 iguanas
  5 orc wizards
  7 gnolls
  10 adders
  A shadow imp (D:6)
  2 worms
  2 dart slugs
  10 orcs
  5 endoplasms
  4 giant cockroaches
  7 goblins
  4 hobgoblins
  7 jackals
  2 quokkas
  6 ball pythons
  6 bats
  6 frilled lizards
  7 kobolds
  5 rats
113 creatures vanquished.

Vanquished Creatures (others)
  A quokka (D:5)
1 creature vanquished.

Grand Total: 114 creatures vanquished

Notes
Turn   | Place    | Note
-------+----------+-------------------------------------------
     0 | D:1      | Icepheonix32 the Merfolk Transmuter began the quest for the
                  | Orb.
     0 | D:1      | Reached XP level 1. HP: 15/15 MP: 3/3
   274 | D:1      | Reached XP level 2. HP: 20/21 MP: 3/5
   398 | D:1      | Found Raisip's Weapon Shoppe.
   570 | D:1      | Learned a level 2 spell: Wereblood
   657 | D:2      | Reached XP level 3. HP: 14/26 MP: 6/6
   661 | D:2      | Learned a level 3 spell: Spider Form
   761 | D:2      | Reached skill level 3 in Transmutations
   844 | D:2      | Found a runed translucent door.
   845 | D:2      | Noticed Crazy Yiuf
  1088 | D:2      | Killed Crazy Yiuf
  1089 | D:2      | Reached skill level 1 in Poison Magic
  1089 | D:2      | Reached XP level 4. HP: 25/32 MP: 3/8
  1245 | D:3      | Found a faded altar of an unknown god.
  1527 | D:3      | Reached skill level 4 in Transmutations
  1587 | D:4      | Reached XP level 5. HP: 33/37 MP: 7/9
  2235 | D:4      | Reached skill level 5 in Transmutations
  2239 | D:4      | Reached XP level 6. HP: 28/43 MP: 5/11
  2716 | D:5      | Entered Level 5 of the Dungeon
  2732 | D:5      | Reached skill level 6 in Transmutations
  2746 | D:5      | Found a staircase to the Ecumenical Temple.
  2765 | D:5      | Identified the +1 hand axe "Ocagisuh" {freeze, Fragile
                  | Will++ Str-3 Int+8}
  2803 | Temple   | Entered the Ecumenical Temple
  2852 | Temple   | Learned a level 5 spell: Alistair's Intoxication
  3091 | D:5      | Reached XP level 7. HP: 44/48 MP: 7/13
  3327 | D:5      | Reached skill level 7 in Transmutations
  3527 | D:5      | Found a white marble altar of Elyvilon.
  3607 | D:5      | Reached XP level 8. HP: 27/54 MP: 12/15
  3779 | D:6      | Noticed Grinder
  3789 | D:6      | Reached skill level 5 in Spellcasting
  3789 | D:6      | Reached skill level 8 in Transmutations
  3903 | D:6      | Killed Grinder
  4031 | D:6      | Reached skill level 9 in Transmutations
  4050 | D:6      | Noticed a wyvern
  4066 | D:6      | Slain by a wyvern

Illustrated notes

Levels and vault maps discovered:
D:1:      psy_arrival_dodecagon, layout_rooms, serial_shops,
          nicolae_shop_bloodbath_and_beyond
D:2:      layout_rooms, uniq_crazy_yiuf_cottage
D:3:      layout_rooms, basic_ecumenical_altar
D:4:      layout_cave_pods, serial_column_ruins, column_ruins_hut,
          column_ruins_circle_medium, column_ruins_grid_4,
          column_ruins_open_tiny_water, column_ruins_open_large,
          column_ruins_grid_3, column_ruins_corridor_corner,
          guppyfry_early_lair_pool
D:5:      layout_cave_pools, elyvilon_altar_4, minmay_temple_entry_mini_moons
D:6:      layout_layer_cave, hangedman_decor_push, uniq_grinder
Temple:   nicolae_temple_two_arcs

Skill      XL: |  1  2  3  4  5  6  7  8 |
---------------+-------------------------+-----
Dodging        | 3 |  3.2
Unarmed Combat | 4 |  4.1
Transmutations | 3 4 5 6 7 9 |  9.0
Poison Magic   | 1 2 3 4 |  4.5
Spellcasting   | 3 4 5 |  5.5
Fighting       | |  1.1
Axes           | |  0.4

Action                   |  1- 3 |  4- 6 |  7- 9 || total
-------------------------+-------+-------+-------++-------
Melee: Unarmed           |   122 |   179 |   112 ||   413
       Headbutt          |    10 |    15 |     1 ||    26
       Punch             |       |     3 |       ||     3
       Hand axe          |       |    11 |    39 ||    50
       Tailslap          |       |     1 |       ||     1
 Cast: Beastly Appendage |    18 |    15 |     2 ||    35
       Spider Form       |     1 |     6 |    10 ||    17
       Wereblood         |       |     4 |     2 ||     6
  Use: Scroll            |     6 |     1 |     8 ||    15
       Potion            |       |       |     6 ||     6
Armor: Robe              |    24 |    47 |     5 ||    76
       Skin              |       |     4 |    19 ||    23
Dodge: Dodged            |    81 |   176 |   111 ||   368
